 Dungeon Crawl Stone Soup version 0.28-b1-25-g9875b3fc8c (webtiles) character file.

Game seed: 16205271899885916371

4900 iwittbrodt the Fighter (level 10, -8/82 HPs)
             Began as a Gnoll Wanderer on Feb 1, 2022.
             Was a Follower of Dithmenos.
             Killed by divine providence
             ... invoked by an orc priest
              (17 damage)
             ... on level 9 of the Dungeon on Feb 2, 2022.
             The game lasted 00:55:21 (14110 turns).

iwittbrodt the Fighter (Gnoll Wanderer)            Turns: 14110, Time: 00:55:23

Health: -8/82      AC: 12    Str: 18    XL:     10   Next: 51%
Magic:  19/19      EV: 12    Int: 25    God:    Dithmenos [*.....]
Gold:   498        SH:  9    Dex: 13    Spells: 14/21 levels left

rFire   . . .      SeeInvis .   a - +6 falchion "Gram" {freeze, Will+ MP-9 Int+10 Dex+3}
rCold   + . .      Faith    .   N - +0 kite shield
rNeg    . . .      Spirit   .   O - +0 steam dragon scales
rPois   .          Reflect  .   (no helmet)
rElec   .          Harm     .   q - +2 cloak
rCorr   .          Rampage  .   (no gloves)
Will    +....                   E - +2 pair of boots "Gougaakh" {MP+9 Int+4}
Stlth   ++++......              (no amulet)
HPRegen 0.23/turn               v - ring of protection from cold
MPRegen 0.16/turn               (no ring)

@: slowed, wreathed by umbra, very slow
A: fangs 1, strong nose, distributed training
a: Renounce Religion


You were on level 9 of the Dungeon.
You worshipped Dithmenos.
Dithmenos was aware of your devotion.
You visited 2 branches of the dungeon, and saw 10 of its levels.
You also visited: Sewer.

You collected 498 gold pieces.

Inventory:

Hand Weapons
 a - the +6 falchion "Gram" (weapon) {freeze, Will+ MP-9 Int+10 Dex+3}
   (You found it on level 7 of the Dungeon)

   It freezes those it strikes, dealing additional cold damage.
   It can also slow down cold-blooded creatures.
   Int:       It affects your intelligence (+10).
   Dex:       It affects your dexterity (+3).
   MP:        It affects your magic capacity (-9).
   Will:      It increases your willpower.
 b - a +0 hand crossbow
 l - a +1 short sword of venom
 s - a +0 shortbow
 x - the +4 dagger "Morg" {pain, Will+ Int+5}
   (You found it on level 3 of the Dungeon)

   In the hands of one skilled in necromantic magic, it inflicts extra damage on
   living creatures.
   Int:       It affects your intelligence (+5).
   Will:      It increases your willpower.
 D - the +10 war axe of Mozakar {speed, Dex+3}
   (You found it on level 8 of the Dungeon)

   Attacks with this weapon are significantly faster.
   Dex:       It affects your dexterity (+3).
Missiles
 g - 218 stones
 h - 180 arrows
 i - 32 poisoned darts (quivered)
 k - 37 sling bullets
 y - 37 bolts
 F - 2 throwing nets
 H - 2 boomerangs
 I - 2 silver boomerangs
 J - 2 curare-tipped darts
Armour
 f - a +1 ring mail
 q - a +2 cloak (worn)
 B - a +2 robe
 E - the +2 pair of boots "Gougaakh" (worn) {MP+9 Int+4}
   (You found it on level 4 of the Dungeon)

   Int:       It affects your intelligence (+4).
   MP:        It affects your magic capacity (+9).
 N - a +0 kite shield (worn)
 O - +0 steam dragon scales (worn)
Jewellery
 v - a ring of protection from cold (left hand)
 A - a ring of flight
Wands
 c - a wand of iceblast (2)
 z - a wand of charming (19)
 K - a wand of polymorph (16)
 L - a wand of acid (3)
 P - a wand of paralysis (7)
Scrolls
 e - 4 scrolls of fear
 j - a scroll of enchant armour
 u - 2 scrolls of fog
 w - a scroll of blinking
 C - a scroll of teleportation {unknown}
 M - 3 scrolls of amnesia
 Q - a scroll of identify
Potions
 d - 2 potions of cancellation
 m - a potion of might
 n - 3 potions of invisibility
 o - 4 potions of magic
 p - 2 potions of brilliance
 r - a potion of heal wounds
 t - 4 potions of curing
 G - a potion of flight {unknown}


   Skills:
 + Level 8.5 Fighting
 + Level 5.3 Short Blades
 + Level 5.3 Long Blades
 + Level 5.3 Axes
 + Level 5.3 Maces & Flails
 + Level 5.3 Polearms
 + Level 5.3 Staves
 + Level 5.3 Slings
 + Level 5.3 Bows
 + Level 5.3 Crossbows
 + Level 6.0 Throwing
 + Level 5.3 Armour
 + Level 5.3 Dodging
 + Level 5.9 Stealth
 + Level 5.3 Shields
 + Level 7.1 Unarmed Combat
 + Level 6.1 Spellcasting
 + Level 4.4 Conjurations
 + Level 4.4 Hexes
 + Level 4.4 Summonings
 + Level 4.4 Necromancy
 + Level 4.4 Translocations
 + Level 4.4 Transmutations
 + Level 4.4 Fire Magic
 + Level 5.9 Ice Magic
 + Level 4.4 Air Magic
 + Level 4.4 Earth Magic
 + Level 4.4 Poison Magic
 + Level 5.9 Invocations
 + Level 5.3 Evocations


You had 14 spell levels left.
You knew the following spells:

 Your Spells              Type           Power      Damage    Failure   Level
a - Freeze                Ice            100%       1d11      1%          1
b - Mephitic Cloud        Conj/Pois/Air  29%        N/A       10%         3
c - Call Imp              Summ           29%        N/A       4%          2
d - Apportation           Tloc           58%        N/A       3%          1

Your spell library contained the following spells:

 Spells                   Type           Power      Damage    Failure   Level
 Foxfire                  Conj/Fire      100%       2x1d9     3%          1
 Magic Dart               Conj           100%       1d8       3%          1
 Confusing Touch          Hex            29%        N/A       10%         3
 Conjure Flame            Conj/Fire      29%        6-21      10%         3
 Inner Flame              Hex/Fire       29%        N/A       10%         3
 Hailstorm                Conj/Ice       33%        3d8       24%         4
 Summon Ice Beast         Ice/Summ       33%        N/A       24%         4
 Flame Wave               Conj/Fire      29%        2d8       32%         4
 Alistair's Intoxication  Tmut/Pois      19%        N/A       67%         5
 Yara's Violent Unravell  Hex/Tmut       14%        3d7       67%         5
 Enfeeble                 Hex            14%        N/A       100%        7


Dungeon Overview and Level Annotations

Branches:
Dungeon (9/15)             Temple (1/1) D:7           Sewer (visited)
   Lair: D:8-11         Orc: D:9-12

Altars:
Ashenzari
Cheibriados
Dithmenos
Elyvilon
Fedhas
Hepliaklqana
Kikubaaqudgha
Makhleb
Nemelex Xobeh
Okawaru
Qazlal
Ru
Sif Muna
Trog
Uskayaw
Vehumet
Wu Jian
Xom
Yredelemnul
Zin
The Shining One

Shops:
D:3 (


Innate Abilities, Weirdness & Mutations

You have very sharp teeth.
Your uncanny sense of smell can sniff out nearby items.
Your experience applies equally to all skills.


Message History

You are more poisoned.
You feel as though you will be slow longer.
You feel extremely sick. The hornet stings you!
You feel as though you will be slow longer.
You feel very sick. The hornet stings you!
* * * LOW HITPOINT WARNING * * *
You are lethally poisoned!
You feel as though you will be slow longer.
The hornet stings you.
* * * LOW HITPOINT WARNING * * *
You feel as though you will be slow longer.
You can move again.
You feel better. You block the hornet's attack. The hornet stings you.
* * * LOW HITPOINT WARNING * * *
You shrug off the repeated paralysis!
Your crimson imp misses the hornet.
The hornet closely misses your crimson imp.
The hornet stings your crimson imp!
Your crimson imp is poisoned.
Your crimson imp barely misses the hornet.
You see here a poisoned dart.
Your crimson imp completely misses the hornet.
An orc priest comes into view. It is wielding a +0 hand axe.
You block the hornet's attack.
Your crimson imp barely misses the hornet.
The hornet stings you but does no damage.
An orc comes into view. It is wielding a +0 mace.
The hornet stings you.
* * * LOW HITPOINT WARNING * * *
You feel as though you will be slow longer.
Your crimson imp closely misses the hornet.
The orc priest calls down the wrath of Beogh upon you.
Beogh smites you!
* * * LOW HITPOINT WARNING * * *
The hornet closely misses you.
Your crimson imp hits the orc warrior.
An orc comes into view. It is wielding a +0 hand axe.
The orc priest invokes the aid of Beogh against you.
Beogh smites you!
You die...

....# .#.## #.............#
#...# ...####.oo..........##
....# ##...#..............#.#
....######.........o...........#
...#......#....................#
..........#)..................<#
.....#.##....(5.?.............<#
......##.......oy.............<#
.....###........@..............#
....## #.#....#?...............#
....# ##.#..####..#...........#
....# #.#..# #...#...........#
#.#.# #..### ####............#
###..# #..# ##.#...........#
...# ..#.# #..#...........#
.....####.#.#..........#
.......##...........###


You could see a hornet (ally target), an orc warrior, an orc priest, 2 orcs and
a friendly crimson imp (summoned, very poisoned).

Vanquished Creatures
  Erica (D:8)
  Maggie (D:7)
  A troll (D:8)
  Prince Ribbit (D:7)
  A hornet (D:9)
  Sigmund (D:3)
  A water moccasin (D:6)
  A sky beast (D:7)
  2 necrophages
  2 orc warriors
  2 centaurs
  6 kobold brigands
  4 bullfrogs
  A scorpion (D:6)
  A water moccasin skeleton (D:6)
  2 wights
  A howler monkey (D:4)
  3 centaur zombies
  4 orc priests
  3 hounds (D:6)
  2 jellies
  5 iguanas
  A gnoll shaman (D:7)
  10 orc wizards
  2 killer bee zombies
  2 hound skeletons (D:4)
  A howler monkey zombie (D:8)
  4 gnolls
  9 adders
  5 river rats (Sewer)
  A shadow imp (D:5)
  An ufetubus (D:6)
  2 worms
  2 dart slugs
  29 orcs
  14 ball pythons
  8 endoplasms
  4 giant cockroaches
  7 goblins
  10 hobgoblins
  9 jackals
  5 quokkas
  7 bats
  5 frilled lizards
  20 kobolds
  26 rats
230 creatures vanquished.

Vanquished Creatures (collateral kills)
  3 ogres
  A wight (D:7)
  A gnoll shaman (D:4)
  An orc priest (D:6)
  Jessica (D:3)
  An orc wizard (D:5)
  A howler monkey zombie (D:9)
  2 gnolls
  An adder (D:6)
  4 orcs
  A jackal (D:5)
  A kobold (D:3)
18 creatures vanquished.

Grand Total: 248 creatures vanquished

Notes
Turn   | Place    | Note
-------+----------+-------------------------------------------
     0 | D:1      | iwittbrodt the Gnoll Wanderer began the quest for the Orb.
     0 | D:1      | iwittbrodt set off with the following items: a +0 dagger,
                  | 14 poisoned darts, a potion of curing, a +0 leather armour;
                  | and the following spell memorised: Freeze; and the
                  | following spells available to memorise: Hailstorm, Summon
                  | Ice Beast
     0 | D:1      | Reached XP level 1. HP: 23/23 MP: 4/4
   343 | D:1      | Reached XP level 2. HP: 26/29 MP: 3/5
   821 | D:1      | Reached XP level 3. HP: 35/35 MP: 4/7
  1208 | D:2      | You fall into a shaft and drop 2 floors!
  1221 | D:4      | Reached skill level 1 in Invocations
  1378 | D:3      | Found the +4 dagger "Morg" {pain, Will+ Int+5}
  1418 | D:3      | Noticed Sigmund
  1623 | D:3      | Killed Sigmund
  1624 | D:3      | Reached skill level 1 in Short Blades
  1624 | D:3      | Reached skill level 1 in Long Blades
  1624 | D:3      | Reached skill level 1 in Axes
  1624 | D:3      | Reached skill level 1 in Maces & Flails
  1624 | D:3      | Reached skill level 1 in Polearms
  1624 | D:3      | Reached skill level 1 in Staves
  1624 | D:3      | Reached skill level 1 in Slings
  1624 | D:3      | Reached skill level 1 in Bows
  1624 | D:3      | Reached skill level 1 in Crossbows
  1624 | D:3      | Reached skill level 1 in Armour
  1624 | D:3      | Reached skill level 1 in Dodging
  1624 | D:3      | Reached skill level 1 in Shields
  1624 | D:3      | Reached skill level 1 in Conjurations
  1624 | D:3      | Reached skill level 1 in Hexes
  1624 | D:3      | Reached skill level 1 in Summonings
  1624 | D:3      | Reached skill level 1 in Necromancy
  1624 | D:3      | Reached skill level 1 in Translocations
  1624 | D:3      | Reached skill level 1 in Transmutations
  1624 | D:3      | Reached skill level 1 in Fire Magic
  1624 | D:3      | Reached skill level 1 in Air Magic
  1624 | D:3      | Reached skill level 1 in Earth Magic
  1624 | D:3      | Reached skill level 1 in Poison Magic
  1624 | D:3      | Reached skill level 1 in Evocations
  1624 | D:3      | Reached XP level 4. HP: 30/41 MP: 8/8
  1624 | D:3      | Reached XP level 5. HP: 35/47 MP: 9/9
  1771 | D:3      | Found a glowing drain.
  1775 | D:3      | Reached XP level 6. HP: 52/53 MP: 7/10
  1783 | Sewer    | Entered a sewer
  2051 | Sewer    | Reached skill level 5 in Unarmed Combat
  2568 | Sewer    | Reached XP level 7. HP: 49/59 MP: 2/12
  3165 | Sewer    | Reached skill level 7 in Fighting
  4064 | D:2      | Learned a level 3 spell: Mephitic Cloud
  4067 | D:2      | Learned a level 2 spell: Call Imp
  4124 | D:2      | Found a faded altar of an unknown god.
  4958 | D:3      | Noticed Jessica
  5553 | D:3      | Found Huiderim's Weapon Boutique.
  6290 | D:3      | Killed Jessica
  6760 | D:4      | Found a bloodstained altar of Trog.
  6903 | D:4      | Identified the +2 pair of boots "Gougaakh" {MP+9 Int+4}
  7231 | D:4      | Reached XP level 8. HP: 56/67 MP: 14/14
  7464 | D:4      | Found a radiant altar of Vehumet.
  7558 | D:5      | Entered Level 5 of the Dungeon
  7899 | D:5      | Found a shimmering altar of Xom.
  7900 | D:5      | Found a hazy altar of Hepliaklqana.
  7900 | D:5      | Noticed a two-headed ogre
  7901 | D:5      | Noticed a spectral ugly thing
  8039 | D:5      | Learned a level 1 spell: Apportation
  8920 | D:6      | Reached skill level 5 in Ice Magic
  8920 | D:6      | Reached XP level 9. HP: 67/72 MP: 16/16
  9284 | D:6      | Reached skill level 5 in Spellcasting
  9875 | D:6      | Reached skill level 5 in Throwing
 10474 | D:7      | Found a snail-covered altar of Cheibriados.
 10476 | D:7      | Identified the +6 falchion "Gram" {freeze, Will+ MP-9
                  | Int+10 Dex+3}
 10521 | D:7      | Found a staircase to the Ecumenical Temple.
 10530 | Temple   | Entered the Ecumenical Temple
 10835 | Temple   | Became a worshipper of Dithmenos the Shadowed
 11007 | D:7      | Reached skill level 5 in Stealth
 11080 | D:7      | Noticed Maggie
 11094 | D:7      | Killed Maggie
 11095 | D:7      | Reached skill level 8 in Fighting
 11095 | D:7      | Reached skill level 5 in Invocations
 11556 | D:7      | Noticed Prince Ribbit
 11569 | D:7      | Killed Prince Ribbit
 12053 | D:8      | Reached XP level 10. HP: 80/80 MP: 18/18
 12074 | D:8      | Noticed Erica
 12578 | D:8      | Identified the +10 war axe of Mozakar {speed, Dex+3}
 12605 | D:8      | Reached skill level 5 in Short Blades
 12605 | D:8      | Reached skill level 5 in Long Blades
 12605 | D:8      | Reached skill level 5 in Axes
 12605 | D:8      | Reached skill level 5 in Maces & Flails
 12605 | D:8      | Reached skill level 5 in Polearms
 12605 | D:8      | Reached skill level 5 in Staves
 12605 | D:8      | Reached skill level 5 in Slings
 12605 | D:8      | Reached skill level 5 in Bows
 12605 | D:8      | Reached skill level 5 in Crossbows
 12605 | D:8      | Reached skill level 5 in Armour
 12605 | D:8      | Reached skill level 5 in Dodging
 12605 | D:8      | Reached skill level 5 in Shields
 12605 | D:8      | Reached skill level 5 in Evocations
 12721 | D:8      | Killed Erica
 12721 | D:8      | Reached * piety under Dithmenos
 14103 | D:9      | Paralysed by a hornet for 3 turns
 14110 | D:9      | Killed from afar by an orc priest

Illustrated notes

Levels and vault maps discovered:
D:1:      giann_wishing_wells, layout_basic, minmay_fountain_box,
          nrook_mini_backslash, minmay_tromino_i2
D:2:      layout_loops_ring, ebering_ecumenical_altar_sacrificial
D:3:      layout_basic, serial_shops, nicolae_shop_bloodbath_and_beyond,
          portal_sewer_entry_d, kennysheep_small_spiral, uniq_sigmund,
          uniq_jessica
D:4:      layout_loops_ring, trog_butcher_becter,
          nicolae_overflow_crystal_walls, minivault_19
D:5:      layout_loops_cross, regret_index_temple_of_mockery, kennysheep_doodads
D:6:      layout_rooms, chequers_serial_rivers_room_a,
          kennysheep_generic_room_13
D:7:      layout_loops_cross, mainiacjoe_overflow_concentric_impassable,
          minmay_temple_entry_large_hall, minmay_tree_intersection, uniq_maggie,
          uniq_prince_ribbit1
D:8:      layout_basic, uniq_erica
D:9:      layout_big_octagon, serial_shops, shop, amcnicky_mini_corridor_feature
Temple:   minmay_temple_bridge_d

Skill      XL: |  1  2  3  4  5  6  7  8  9 10 |
---------------+-------------------------------+-----
Invocations    | 1 2 3 4 5 |  5.9
Short Blades   | 1 2 3 4 5 |  5.3
Long Blades    | 1 2 3 4 5 |  5.3
Axes           | 1 2 3 4 5 |  5.3
Maces & Flails | 1 2 3 4 5 |  5.3
Polearms       | 1 2 3 4 5 |  5.3
Staves         | 1 2 3 4 5 |  5.3
Slings         | 1 2 3 4 5 |  5.3
Bows           | 1 2 3 4 5 |  5.3
Crossbows      | 1 2 3 4 5 |  5.3
Throwing       | 3 4 5 6 |  6.0
Armour         | 1 2 3 4 5 |  5.3
Dodging        | 1 2 3 4 5 |  5.3
Shields        | 1 2 3 4 5 |  5.3
Spellcasting   | 3 4 5 6 |  6.1
Conjurations   | 1 2 3 4 |  4.4
Hexes          | 1 2 3 4 |  4.4
Summonings     | 1 2 3 4 |  4.4
Necromancy     | 1 2 3 4 |  4.4
Translocations | 1 2 3 4 |  4.4
Transmutations | 1 2 3 4 |  4.4
Fire Magic     | 1 2 3 4 |  4.4
Ice Magic      | 4 5 |  5.9
Air Magic      | 1 2 3 4 |  4.4
Earth Magic    | 1 2 3 4 |  4.4
Poison Magic   | 1 2 3 4 |  4.4
Evocations     | 1 2 3 4 5 |  5.3
Stealth        | 3 4 5 |  5.9
Unarmed Combat | 5 6 7 |  7.1
Fighting       | 7 8 |  8.5

Action                   |  1- 3 |  4- 6 |  7- 9 | 10-12 || total
-------------------------+-------+-------+-------+-------++-------
Melee: Unarmed           |    14 |       |       |       ||    14
       Dagger            |    99 |    55 |   347 |       ||   501
       Bite              |    10 |     6 |    34 |    22 ||    72
       Punch             |     4 |     1 |    10 |       ||    15
       Falchion          |       |       |    41 |    95 ||   136
 Fire: Hand crossbow     |       |       |     1 |       ||     1
Throw: Dart              |    13 |     5 |    97 |    15 ||   130
 Cast: Freeze            |    18 |    45 |    18 |     2 ||    83
       Call Imp          |       |       |    46 |    19 ||    65
       Mephitic Cloud    |       |       |     8 |     5 ||    13
Evoke: Wand              |       |       |     3 |     3 ||     6
  Use: Scroll            |     2 |       |    15 |     2 ||    19
       Potion            |       |       |     2 |     1 ||     3
 Stab: Sleeping          |     1 |       |     7 |     1 ||     9
       Distracted        |       |       |     7 |     1 ||     8
       Confused          |       |       |     3 |     3 ||     6
Armor: Ring mail         |    40 |    35 |    65 |       ||   140
       Leather armour    |     4 |       |       |       ||     4
       Robe              |       |       |    70 |       ||    70
       Steam dragon scal |       |       |     6 |    38 ||    44
Dodge: Dodged            |    55 |    53 |   217 |    43 ||   368
Block: Kite shield       |       |       |    16 |    35 ||    51
